 Dungeon Sprint DCSS version 0.23.0 (webtiles) character file.

Game seed: 1686232023842550701

117879 nuthulu the Naga Aeon (level 16, -8/175 HPs)
             Began as a Naga Fighter on Feb 18, 2019.
             Was the Champion of Cheibriados.
             Killed from afar by Asmodeus (24 damage)
             ... with a bolt of fire
             ... in the Dungeon (Sprint V: "Ziggurat Sprint").
             The game lasted 00:09:36 (1566 turns).

nuthulu the Naga Aeon (Naga Fighter)                Turns: 1566, Time: 00:09:37

Health: -8/175     AC: 40    Str: 41    XL:     16   Next: 75%
Magic:  8/37       EV: 15    Int: 25    God:    Cheibriados [******]
Gold:   0          SH: 34    Dex: 30    Spells: 50/50 levels left

rFire    . . .     SeeInvis +   F - +14 obsidian axe {chop, +Fly SInv *Curse} (curse)
rCold    + . .     Gourm    .   H - +18 shield of the Gong {rElec rN+ MR+ EV-5}
rNeg     + + +     Faith    .   G - +15 Maxwell's patent armour {-Cast -Tele rElec MR+ rCorr}
rPois    +         Spirit   .   b - +1 helmet of Negligence {MR+}
rElec    +         Reflect  .   K - +2 cloak {+Inv}
rCorr    +         Harm     .   L - +2 pair of gloves {archery}
MR       +++++     NoTele   +   (no barding) Stlth ..........NoCast +
                                c - amulet of regeneration
HPRegen  0.79/turn              D - +6 ring of strength
MPRegen  0.25/turn              J - ring "Renopto" {rCorr *Drain *Slow rElec rN+++}

@: frozen, flying (expiring), mesmerised, very slow
A: large, see invisible, cold resistance 1, deformed body, poison resistance,
slowness 2, slow metabolism 1, spit poison 1, constrict 1, AC +5
a: Spit Poison, Bend Time, Temporal Distortion, Slouch, Step From Time, Renounce
Religion, Evoke Invisibility


You were in the Dungeon.
You worshipped Cheibriados.
Cheibriados was exalted by your worship.
You were not hungry.

You visited 1 branch

Inventory:

Hand Weapons
 F - the cursed +14 obsidian axe (weapon) {chop, +Fly SInv *Curse}
   (You found it in the Dungeon)

   It inflicts extra damage upon your enemies.
   It lets you see invisible.
   It lets you fly.
   It curses itself when equipped.
   It has a curse placed upon it.
Armour
 b - the +1 helmet of Negligence (worn) {MR+}
   (You found it in the Dungeon)

   It affects your resistance to hostile enchantments.
 G - the +15 Maxwell's patent armour (worn) {-Cast -Tele rElec MR+ rCorr}
   (You found it in the Dungeon)

   It insulates you from electricity.
   It affects your resistance to hostile enchantments.
   It prevents spellcasting.
   It prevents most forms of teleportation.
   It provides partial protection from all sources of acid and corrosion.
 H - the +18 shield of the Gong (worn) {rElec rN+ MR+ EV-5}
   (You found it in the Dungeon)

   It affects your evasion (-5).
   It insulates you from electricity.
   It protects you from negative energy.
   It affects your resistance to hostile enchantments.
 K - a +2 cloak of invisibility (worn)
 L - a +2 pair of gloves of archery (worn)
Jewellery
 a - the ring "Cenoim" {rC+ Int+2}
   (You found it in the Dungeon)

   [ring of protection from cold]

   It affects your intelligence (+2).
   It protects you from cold.
 c - an amulet of regeneration (around neck)
 o - the ring of the Mage {Wiz MR++ Int+3}
   (You found it in the Dungeon)

   [ring of wizardry]

   It improves your spell success rate.
   It affects your intelligence (+3).
   It affects your resistance to hostile enchantments.
 z - a +6 ring of dexterity
 A - a +6 ring of dexterity
 B - a +6 ring of intelligence
 C - a +6 ring of intelligence
 D - a +6 ring of strength (left hand)
 E - a +6 ring of strength
 I - an uncursed ring of protection from cold
 J - the ring "Renopto" (right hand) {rCorr *Drain *Slow rElec rN+++}
   (You found it in the Dungeon)

   [ring of resist corrosion]

   It insulates you from electricity.
   It renders you almost immune to negative energy.
   It causes draining when unequipped.
   It may slow you when you take damage.
 M - the ring "Xehallir" {Ice rElec rPois rN+++ Str-5}
   (You found it in the Dungeon)

   [ring of ice]

   It enhances your ice magic.
   It affects your strength (-5).
   It makes you vulnerable to fire.
   It protects you from cold.
   It insulates you from electricity.
   It protects you from poison.
   It renders you almost immune to negative energy.
Wands
 w - a wand of disintegration (7)
 x - a wand of iceblast (7)
 y - a wand of acid (7)
Scrolls
 k - 4 scrolls of blinking
 q - 4 scrolls of amnesia
 r - 7 scrolls of fog
 s - a scroll of holy word
 t - 5 scrolls of identify
 u - 5 scrolls of remove curse
 v - 2 scrolls of fear
Potions
 d - 7 potions of might
 e - 9 potions of curing
 g - 9 potions of heal wounds
 h - 6 potions of haste
 i - 6 potions of magic
 j - 3 potions of berserk rage
 l - 2 potions of brilliance
 m - 2 potions of invisibility
 n - 4 potions of resistance
 p - 8 potions of agility
Comestibles
 f - 6 rations


   Skills:
 * Level 19.3 Fighting
 - Level 18.6 Axes
 + Level 1.8 Throwing
 + Level 12.3 Armour
 * Level 13.9 Dodging
 - Level 6.5 Stealth
 - Level 11.8 Shields
 + Level 2.0 Unarmed Combat
 * Level 17.9 Spellcasting
 O Level 27 Invocations
 + Level 2.0 Evocations


You had 50 spell levels left.
You didn't know any spells.
Your spell library was empty.

Dungeon Overview and Level Annotations

Branches:
Dungeon (1/1)

Altars:
Ashenzari
Cheibriados
Dithmenos
Elyvilon
Fedhas
Gozag
Hepliaklqana
Kikubaaqudgha
Makhleb
Nemelex Xobeh
Okawaru
Qazlal
Ru
Sif Muna
Trog
Uskayaw
Vehumet
Wu Jian
Xom
Yredelemnul
Zin
The Shining One
Beogh
Jiyva
Lugonu

Annotations:
D 1 transporter, exclusion: Roxanne, Asmodeus, Boris, Ereshkigal, Khufu, Lom Lobon, Roxanne


Innate Abilities, Weirdness & Mutations

You cannot wear boots.
Your serpentine skin is tough. (AC +5)
You have supernaturally acute eyesight. (SInv)
Armour fits poorly on your strangely shaped body.
Your system is resistant to poisons. (rPois)
You cover ground very slowly.
You have a slow metabolism.
You can spit poison.
You can use your snake-like lower body to constrict enemies.
Your flesh is cold resistant. (rC+)


Message History

Roxanne, Geomancer Emeritus comes into view.
Roxanne says, "Come nearer, honey, I don't have a heart of stone."
Ereshkigal gestures.
Lom Lobon gestures at you.
Lom Lobon conjures a mighty blast of ice!
The great icy blast engulfs you!! You partially resist.
* * * LOW HITPOINT WARNING * * *
You are encased in ice.
You have identified the last magical staff.
Found eleven items.
Found a transporter.
You feel much better.
Visions of slaying Asmodeus flood into your mind.
You are engulfed in raging winds.
* * * LOW HITPOINT WARNING * * *
The winds around Lom Lobon start to calm down.
Khufu calls on the powers of darkness!
Your body is wracked with pain!
* * * LOW HITPOINT WARNING * * *
Asmodeus gestures at you. The bolt of fire hits you!!
You die...

.......©.......▓..|})}=
▓▓▓▓▓▓▓▓▓▓▓▓▓▓▓▓▓.......
▓......8©8......▓.......
▓...:||:|}:))}..▓..†.†..
▓...8[:[:.)):)..▓......†
▓.....[.§:§}.○§☼▓......†
▓..§§§§§§§§§§§§§▓..▓....
▓..§§§§§§§§§§§§§▓.▓.▓...
▓..2§§§@§§§§§§§☼▓..▓....
▓..§§§§§§§§§§§§§▓.......
▓..§§§§§§§§§§§§.▓......©
▓...§§§§§&§§§§§.▓▓▓▓▓▓▓▓
▓..§▓§§§&M§§▓§§.▓
▓..▓▓▓§§§§§▓▓▓§.▓
▓..§▓§§§§§§§▓.§.▓
▓..§§&L§§§§§§.§.▓
....§§§§§......▓


You could see Asmodeus, Lom Lobon, Ereshkigal, Khufu, Roxanne, Boris and a
shadow demon (wandering).

Vanquished Creatures
  Dissolution (D)
  An ancient lich (D)
  A greater mummy (D)
  Frederick (D)
  Xtahua (D)
  the Enchantress (D)
  Murray (D)
  Frances (D)
  A draconian monk (D)
  An azure jelly (D)
  2 frost giants (D)
  A draconian scorcher (D)
  2 draconian knights (D)
  A vault warden (D)
  A ghoul (D)
  A draconian stormcaller (D)
  An ironheart preserver (D)
  2 very ugly things (D)
  4 vampire knights (D)
  3 stone giants (D)
  A purple draconian (D)
  4 green draconians (D)
  5 black draconians (D)
  Azrael (D)
  4 red draconians (D)
  5 white draconians (D)
  2 merfolk javelineers (D)
  A fire dragon (D)
  2 death oozes (D)
  2 yaktaur captains (D)
  3 ice dragons (D)
  Erolcha (D)
  A hydra (D)
  3 vault guards (D)
  A great orb of eyes (D)
  3 two-headed ogres (D)
  A two-headed ogre (shapeshifter) (D)
  A dancing weapon (D)
  A shock serpent (shapeshifter) (D)
  A hell hog (D)
  2 fire crabs (shapeshifter) (D)
  2 death drakes (D)
  3 swamp dragons (D)
  2 deep elf archers (D)
  4 necromancers (D)
  A harpy (shapeshifter) (D)
  4 deep elf magi (D)
  4 ugly things (D)
  A manticore (shapeshifter) (D)
  A faun (shapeshifter) (D)
  4 cyclopes (D)
  3 rust devils (D)
  An eye of devastation (D)
  A rime drake (shapeshifter) (D)
  6 yaktaurs (D)
  5 tormentors (D)
  An ice devil (D)
  A jumping spider (D)
  A guardian mummy (D)
  A merfolk (shapeshifter) (D)
  A hippogriff (shapeshifter) (D)
  3 slime creatures (D)
  2 dream sheep (shapeshifter) (D)
  2 vampires (D)
  2 shadows (D)
  4 wyverns (D)
  2 water elementals (D)
  A basilisk (D)
  2 yaks (D)
  A hog (shapeshifter) (D)
  An ushabti (D)
  2 golden eyes (D)
  A human (shapeshifter) (D)
  3 neqoxecs (D)
  2 steam dragons (D)
  A swamp worm (shapeshifter) (D)
  2 swamp drakes (D)
  4 acid dragons (D)
  An orc warrior (D)
  Duvessa (D)
  A floating eye (D)
  A necrophage (D)
  2 ogres (D)
  2 centaurs (D)
  A wolf (D)
  3 scorpions (D)
  5 wights (D)
  An orc priest (D)
  An iguana (D)
  2 iron imps (D)
  4 mummies (D)
  A river rat (D)
  An ooze (D)
  4 adder zombies (D)
  2 adder skeletons (D)
  2 ball lightnings (D)
  An adder simulacrum (D)
  3 orcs (D)
  3 bat skeletons (D)
  3 bat zombies (D)
  A ball python zombie (D)
  A jackal zombie (D)
  A leopard gecko skeleton (D)
  A leopard gecko zombie (D)
204 creatures vanquished.

Vanquished Creatures (collateral kills)
  An ironheart preserver (D)
  A black draconian (D)
  4 deep elf archers (D)
  A deep elf mage (D)
  A rime drake (shapeshifter) (D)
  A komodo dragon (D)
  A jumping spider (D)
  A hippogriff (shapeshifter) (D)
  A slime creature (D)
  A tarantella (shapeshifter) (D)
  A yak (D)
  A phantom (D)
  An earth elemental (D)
  A river rat (D)
  An orc (D)
  A bat skeleton (D)
19 creatures vanquished.

Vanquished Creatures (others)
  Ignacio (D)
  Saint Roka (D)
  Nikola (D)
  Polyphemus (D)
  Urug (D)
  Joseph (D)
  Sigmund (D)
  A shadow (D)
  Eustachio (D)
  Menkaure (D)
  Dowan (D)
  Jessica (D)
  An adder skeleton (D)
  2 ball lightnings (D)
15 creatures vanquished.

Grand Total: 238 creatures vanquished

Notes
Turn   | Place    | Note
-------+----------+-------------------------------------------
     0 | D        | Found the +6 Majin-Bo {vamp, Archmagi MP+6 Int+6}
     0 | D        | Found the +7 great mace "Firestarter" {inner flame, rF++}
     0 | D        | nuthulu the Naga Fighter began the quest for the Orb.
     0 | D        | Reached XP level 1. HP: 21/21 MP: 1/1
     0 | D        | Found a deep blue altar of Sif Muna.
     0 | D        | Found a sacrificial altar of Ru.
     0 | D        | Found a bloodstained altar of Trog.
     0 | D        | Found a stormy altar of Qazlal.
     0 | D        | Found an iron altar of Okawaru.
     0 | D        | Found a sparkling altar of Nemelex Xobeh.
     0 | D        | Found a blossoming altar of Fedhas.
     2 | D        | Found a transporter.
     2 | D        | Found an ancient bone altar of Kikubaaqudgha.
     2 | D        | Found a viscous altar of Jiyva.
     2 | D        | Found a corrupted altar of Lugonu.
     2 | D        | Found a hazy altar of Hepliaklqana.
     2 | D        | Found a burning altar of Makhleb.
     2 | D        | Found an opulent altar of Gozag.
    20 | D        | Found the +9 heavy crossbow "Sniper" {velocity, Acc+∞ SInv}
    20 | D        | Found the +10 dark maul {crush}
    20 | D        | Found the +15 Maxwell's patent armour {-Cast -Tele rElec
                  | MR+ rCorr}
    20 | D        | Found the +18 shield of the Gong {rElec rN+ MR+ EV-5}
    20 | D        | Found the cursed +14 obsidian axe {chop, +Fly SInv *Curse}
    47 | D        | Reached skill level 1 in Throwing
    47 | D        | Reached skill level 1 in Dodging
    47 | D        | Reached skill level 1 in Spellcasting
    47 | D        | Reached XP level 2. HP: 30/30 MP: 1/4
    63 | D        | Became a worshipper of Cheibriados the Contemplative
    72 | D        | Entered arena 2.
    72 | D        | Noticed a deep elf archer
    72 | D        | Noticed a water elemental
    72 | D        | Found a transporter.
    77 | D        | Killed a water elemental
    77 | D        | Reached skill level 5 in Fighting
    77 | D        | Reached skill level 4 in Invocations
    77 | D        | Reached XP level 3. HP: 15/39 MP: 4/6
    77 | D        | Reached XP level 4. HP: 18/46 MP: 4/7
    77 | D        | Reached XP level 5. HP: 21/52 MP: 4/8
    97 | D        | Killed a deep elf archer
    97 | D        | Reached * piety under Cheibriados
    97 | D        | Reached skill level 6 in Invocations
    97 | D        | Reached XP level 6. HP: 34/66 MP: 7/11
    97 | D        | Reached XP level 7. HP: 37/72 MP: 7/12
   118 | D        | Killed Eustachio
   125 | D        | Killed Jessica
   250 | D        | Entered arena 3.
   250 | D        | Found a transporter.
   252 | D        | Reached ** piety under Cheibriados
   258 | D        | Reached skill level 7 in Invocations
   263 | D        | Entered arena 4.
   263 | D        | Noticed a deep elf archer
   263 | D        | Noticed a deep elf mage
   263 | D        | Noticed a +1 long sword of electrocution
   263 | D        | Noticed a deep elf archer
   263 | D        | Found a transporter.
   267 | D        | Killed a deep elf mage
   267 | D        | Reached XP level 8. HP: 81/81 MP: 13/13
   268 | D        | Killed a +1 long sword of electrocution
   268 | D        | Reached *** piety under Cheibriados
   268 | D        | Reached skill level 8 in Invocations
   269 | D        | Killed a deep elf archer
   269 | D        | Reached **** piety under Cheibriados
   269 | D        | Reached XP level 9. HP: 90/90 MP: 13/15
   276 | D        | Killed a deep elf archer
   276 | D        | Reached skill level 9 in Invocations
   315 | D        | Entered arena 5.
   315 | D        | Noticed an ironheart preserver
   315 | D        | Noticed a vault warden
   315 | D        | Noticed a deep elf archer
   315 | D        | Found a transporter.
   321 | D        | Killed an ironheart preserver
   321 | D        | Reached ***** piety under Cheibriados
   321 | D        | Reached skill level 10 in Axes
   321 | D        | Reached skill level 10 in Shields
   321 | D        | Reached skill level 10 in Invocations
   324 | D        | Killed a vault warden
   324 | D        | Reached XP level 10. HP: 64/99 MP: 16/18
   328 | D        | Killed a deep elf archer
   328 | D        | Reached skill level 11 in Invocations
   333 | D        | Got the ring "Cenoim" {rC+ Int+2}
   488 | D        | Entered arena 6.
   488 | D        | Found a transporter.
   490 | D        | Reached skill level 5 in Stealth
   491 | D        | Reached ****** piety under Cheibriados
   499 | D        | Entered arena 7.
   499 | D        | Noticed a vault guard
   499 | D        | Noticed a vault guard
   499 | D        | Noticed a vault guard
   499 | D        | Noticed an ironheart preserver
   500 | D        | Identified the +5 whip "Bybub" {drain, -Tele rElec rPois
                  | Dex-3}
   500 | D        | Found a transporter.
   503 | D        | Killed a vault guard
   503 | D        | Reached skill level 10 in Fighting
   504 | D        | Killed a vault guard
   504 | D        | Reached skill level 12 in Invocations
   504 | D        | Reached XP level 11. HP: 108/108 MP: 18/20
   506 | D        | Killed an ironheart preserver
   507 | D        | Killed a vault guard
   514 | D        | Entered arena 8.
   515 | D        | Identified the cursed +2 rapier of Utrampux {freeze,
                  | *Contam +Fly Str+4 Stlth+}
   515 | D        | Identified the cursed +2 hunting sling "Jaeghuheh"
                  | {velocity, Str+2}
   515 | D        | Found a transporter.
   528 | D        | Entered arena 9.
   528 | D        | Noticed a green ugly thing
   528 | D        | Noticed a green ugly thing
   529 | D        | Found a transporter.
   537 | D        | Gained mutation: Your flesh is cold resistant. (rC+) [a
                  | neqoxec]
   539 | D        | Killed a green ugly thing
   539 | D        | Killed a cyan ugly thing
   539 | D        | Reached skill level 13 in Invocations
   579 | D        | Entered arena 10.
   579 | D        | Noticed a deep elf mage
   579 | D        | Noticed a deep elf mage
   579 | D        | Noticed a deep elf mage
   579 | D        | Noticed a deep elf archer
   579 | D        | Noticed a deep elf mage
   579 | D        | Noticed a deep elf archer
   581 | D        | Killed a deep elf mage
   581 | D        | Killed a deep elf archer
   581 | D        | Killed a deep elf mage
   581 | D        | Killed a deep elf mage
   581 | D        | Killed a deep elf mage
   581 | D        | Reached skill level 5 in Spellcasting
   582 | D        | Found a transporter.
   584 | D        | Killed a deep elf archer
   584 | D        | Reached skill level 15 in Axes
   589 | D        | Got the +1 helmet of Negligence {MR+}
   597 | D        | Entered arena 11.
   598 | D        | Found a transporter.
   601 | D        | Reached XP level 12. HP: 119/120 MP: 17/22
   616 | D        | Entered arena 12.
   616 | D        | Noticed a greater mummy
   618 | D        | Found the ring of the Mage {Wiz MR++ Int+3}
   618 | D        | Noticed a death scarab
   618 | D        | Found a transporter.
   623 | D        | Noticed an emperor scorpion
   629 | D        | Killed a greater mummy
   629 | D        | Reached skill level 15 in Invocations
   811 | D        | Entered arena 13.
   811 | D        | Noticed a frost giant
   811 | D        | Noticed a two-headed ogre
   811 | D        | Noticed a two-headed ogre
   811 | D        | Noticed a stone giant
   812 | D        | Noticed a stone giant
   813 | D        | Killed a two-headed ogre
   814 | D        | Killed a two-headed ogre
   814 | D        | Killed a stone giant
   814 | D        | Reached skill level 16 in Invocations
   814 | D        | Noticed a frost giant
   815 | D        | Noticed a two-headed ogre
   816 | D        | Killed a frost giant
   816 | D        | Reached skill level 17 in Invocations
   817 | D        | Found a transporter.
   819 | D        | Killed a stone giant
   819 | D        | Gained mutation: You can use your snake-like lower body to
                  | constrict enemies. [Naga growth]
   819 | D        | Reached XP level 13. HP: 46/129 MP: 5/25
   824 | D        | Killed a frost giant
   824 | D        | Reached skill level 18 in Invocations
   825 | D        | Killed Sigmund
   892 | D        | Killed Menkaure
   920 | D        | Entered arena 14.
   921 | D        | Noticed a great orb of eyes
   922 | D        | Noticed a death ooze
   922 | D        | Noticed a death ooze
   922 | D        | Noticed an azure jelly
   922 | D        | Paralysed by a floating eye for 3 turns
   925 | D        | Killed a great orb of eyes
   925 | D        | Killed a death ooze
   925 | D        | Killed a death ooze
   925 | D        | Killed an azure jelly
   925 | D        | Reached skill level 19 in Invocations
   927 | D        | Found a transporter.
   970 | D        | Entered arena 15.
   971 | D        | Noticed a stone giant
   971 | D        | Noticed a merfolk javelineer
   971 | D        | Identified the cursed +0 short sword "Eviscerator" {pierce,
                  | Dex+5}
   971 | D        | Noticed a yaktaur captain
   971 | D        | Identified the cursed +1 broad axe of Cheese {distort, +Fly
                  | rF+}
   972 | D        | Noticed a yaktaur captain
   972 | D        | Noticed a merfolk javelineer
   974 | D        | Killed a merfolk javelineer
   974 | D        | Reached skill level 20 in Invocations
   974 | D        | Killed a yaktaur captain
   974 | D        | Reached skill level 10 in Armour
   974 | D        | Killed a yaktaur captain
   975 | D        | Killed a stone giant
   975 | D        | Killed a merfolk javelineer
   975 | D        | Reached skill level 21 in Invocations
   977 | D        | Found a transporter.
  1077 | D        | Entered arena 16.
  1077 | D        | Noticed a vampire knight
  1077 | D        | Identified the cursed +1 bardiche of Valiance {chop, rElec
                  | Stlth+}
  1077 | D        | Noticed a vampire knight
  1077 | D        | Noticed an ancient lich
  1079 | D        | Reached skill level 10 in Spellcasting
  1080 | D        | Killed a vampire knight
  1080 | D        | Killed a vampire knight
  1080 | D        | Reached skill level 22 in Invocations
  1080 | D        | Reached XP level 14. HP: 139/139 MP: 17/29
  1081 | D        | Killed an ancient lich
  1081 | D        | Reached skill level 23 in Invocations
  1084 | D        | Found a transporter.
  1163 | D        | Entered arena 17.
  1166 | D        | Noticed a ghoul
  1166 | D        | Noticed a vampire knight
  1169 | D        | Identified the +4 spear of a sewer {drain, Str+3 Int+4
                  | Dex+4}
  1169 | D        | Noticed a vampire knight
  1174 | D        | Killed a vampire knight
  1174 | D        | Reached skill level 24 in Invocations
  1176 | D        | Killed a ghoul
  1176 | D        | Killed a vampire knight
  1177 | D        | Found a transporter.
  1192 | D        | Entered arena 18.
  1196 | D        | Identified the +1 scale mail of Ziguonte {Str+5}
  1201 | D        | Found a transporter.
  1272 | D        | Killed Dowan
  1287 | D        | Entered arena 19.
  1290 | D        | Noticed a cyan very ugly thing
  1290 | D        | Noticed a red very ugly thing
  1291 | D        | Reached skill level 25 in Invocations
  1293 | D        | Killed a cyan very ugly thing
  1293 | D        | Killed a purple very ugly thing
  1296 | D        | Reached skill level 26 in Invocations
  1297 | D        | Found a transporter.
  1404 | D        | Killed Joseph
  1415 | D        | Entered arena 20.
  1421 | D        | Reached XP level 15. HP: 148/148 MP: 32/32
  1423 | D        | Reached skill level 5 in Dodging
  1424 | D        | Reached skill level 27 in Invocations
  1426 | D        | Found a transporter.
  1436 | D        | Got the ring "Renopto" {rCorr *Drain *Slow rElec rN+++}
  1444 | D        | Got the ring "Xehallir" {Ice rElec rPois rN+++ Str-5}
  1446 | D        | Entered arena 21.
  1450 | D        | Noticed a purple draconian stormcaller
  1450 | D        | Noticed a black draconian knight
  1451 | D        | Noticed a red draconian scorcher
  1451 | D        | Noticed a green draconian monk
  1452 | D        | Identified the ring of Creativity {rF+ MR+ MP+9 Int+3
                  | Stlth+}
  1452 | D        | Noticed a black draconian knight
  1455 | D        | Killed a red draconian scorcher
  1455 | D        | Reached skill level 15 in Fighting
  1455 | D        | Killed a purple draconian stormcaller
  1455 | D        | Killed a black draconian knight
  1456 | D        | Killed a black draconian knight
  1459 | D        | Reached skill level 10 in Dodging
  1461 | D        | Killed a green draconian monk
  1461 | D        | Reached skill level 15 in Spellcasting
  1462 | D        | Reached XP level 16. HP: 88/166 MP: 5/35
  1471 | D        | Found a transporter.
  1549 | D        | Entered arena 22.
  1549 | D        | Noticed Erolcha
  1549 | D        | Identified the +9 great mace of Resourcefulness {pain,
                  | *Drain +Blink rElec Int+2}
  1549 | D        | Noticed Frances
  1549 | D        | Noticed Murray
  1549 | D        | Noticed Dissolution
  1549 | D        | Noticed Nikola
  1549 | D        | Noticed Urug
  1549 | D        | Noticed Frederick
  1550 | D        | Identified the +5 chain mail of Decompression {rC- rN+
                  | Regen+ Stlth+}
  1550 | D        | Noticed Duvessa
  1550 | D        | Identified the +0 faerie dragon scales {rCorr Str+5 Int+3}
  1550 | D        | Noticed the Enchantress
  1550 | D        | Noticed Saint Roka
  1551 | D        | Killed Duvessa
  1552 | D        | Killed Erolcha
  1552 | D        | Killed the Enchantress
  1552 | D        | Killed Urug
  1554 | D        | Killed Frances
  1554 | D        | Noticed Xtahua
  1555 | D        | Noticed Ignacio
  1556 | D        | Killed Frederick
  1556 | D        | Identified the +7 sceptre of Asmodeus
  1556 | D        | Noticed Asmodeus
  1557 | D        | Noticed Khufu
  1557 | D        | Noticed Polyphemus
  1558 | D        | Noticed Lom Lobon
  1559 | D        | Paralysed by a floating eye for 3 turns
  1562 | D        | Noticed Azrael
  1563 | D        | Killed Murray
  1563 | D        | Killed Dissolution
  1563 | D        | Killed Azrael
  1563 | D        | Killed Polyphemus
  1563 | D        | Killed Nikola
  1563 | D        | Killed Saint Roka
  1564 | D        | Killed Xtahua
  1564 | D        | Killed Ignacio
  1564 | D        | Identified the amulet "Heycwodd" {Reflect rN+ Str+3 Dex-3
                  | SH+5}
  1564 | D        | Noticed Ereshkigal
  1564 | D        | Noticed Boris
  1565 | D        | Found a transporter.
  1565 | D        | Identified Roxanne's Grimoire of Stones
  1565 | D        | HP: 2/175 [Lom Lobon/great icy blast (24)]
  1566 | D        | Noticed Roxanne
  1566 | D        | Killed from afar by Asmodeus

Skill      XL: |  1  2  3  4  5  6  7  8  9 10 11 12 13 14 15 16 |
---------------+-------------------------------------------------+-----
Axes           | 3 4 6 7 8 11 12 15 16 17 18 | 18.6
Throwing       | 1 |  1.8
Armour         | 3 4 6 7 8 9 10 11 12 | 12.3
Dodging        | 1 2 4 10 13 | 13.9
Stealth        | 3 4 6 |  6.5
Shields        | 3 4 7 8 10 11 | 11.8
Unarmed Combat | 2 |  2.0
Spellcasting   | 1 5 8 10 11 15 17 | 17.9
Evocations     | 2 |  2.0
Fighting       | 5 7 8 9 10 11 12 13 16 19 | 19.3
Invocations    | 4 6 7 8 10 12 13 17 22 26 27 | 27.0

Action                   |  1- 3 |  4- 6 |  7- 9 | 10-12 | 13-15 | 16-18 || total
-------------------------+-------+-------+-------+-------+-------+-------++-------
Melee: Broad axe         |     4 |    13 |    19 |    34 |    22 |     7 ||    99
       Constrict         |       |       |       |       |     3 |     2 ||     5
Invok: Slouch            |       |       |       |    12 |    33 |     5 ||    50
  Use: Potion            |     1 |     1 |       |     3 |     1 |     2 ||     8
 Stab: Distracted        |       |       |     2 |     1 |       |       ||     3
  Eat: Ration            |       |       |       |       |     2 |       ||     2
Armor: Plate armour      |       |     2 |    10 |    32 |    27 |    12 ||    83
Dodge: Dodged            |       |       |       |     4 |    11 |     1 ||    16
Block: Shield            |     7 |    15 |    36 |    92 |    51 |    21 ||   222
